 Dungeon Crawl Stone Soup version 0.24-a0-736-g4e6fe308c7 (webtiles) character file.

Game seed: 981661614557226838, levelgen mode: deterministic

1002 MisterFreud the Changer (level 8, -7/48 HPs)
             Began as an Octopode Transmuter on Oct 2, 2019.
             Killed by divine providence
             ... invoked by an orc priest
              (10 damage)
             ... on level 5 of the Dungeon.
             The game lasted 00:12:50 (4666 turns).

MisterFreud the Changer (Octopode Transmuter)       Turns: 4666, Time: 00:12:51

Health: -7/48      AC:  9    Str: 10    XL:     8   Next: 20%
Magic:  13/14      EV: 19    Int: 17    God:
Gold:   191        SH:  0    Dex: 17    Spells: 4/15 levels left

rFire    . . .     SeeInvis .     - Unarmed
rCold    . . .     Gourm    +   (shield currently unavailable)
rNeg     . . .     Faith    .   (helmet currently unavailable)
rPois    x         Spirit   .   v - amulet of the gourmand
rElec    .         Reflect  .   h - +4 ring of protection
rCorr    .         Harm     .   i - +3 ring of protection
MR       .....                  (no ring)
Stlth    ++........             (no ring)
HPRegen  0.16/turn              (no ring)
MPRegen  0.14/turn              (no ring)
                                (no ring)
                                (no ring)

@: spider-form (expiring)
A: tiny, almost no armour, stealthy swim, (amphibious), 8 rings, (constrict 8)
a: End Transformation


You were on level 5 of the Dungeon.
You were very hungry.
You were a venomous arachnid creature.
You visited 1 branch of the dungeon, and saw 5 of its levels.

You collected 191 gold pieces.

Inventory:

Missiles
 a - 89 arrows
 d - 191 stones (quivered)
Jewellery
 b - a +3 amulet of reflection
 h - a +4 ring of protection (left front leg)
 i - a +3 ring of protection (right front leg)
 v - an amulet of the gourmand (around neck)
Wands
 q - a wand of iceblast (7)
 u - a wand of paralysis (5)
 w - a wand of random effects (9)
Scrolls
 e - 2 scrolls of remove curse
 f - 2 scrolls of enchant weapon
 g - 2 scrolls of magic mapping
 j - 4 scrolls of identify
 l - a scroll of teleportation
 n - 3 scrolls of fear
 r - a scroll of enchant armour
 s - a scroll of blinking
 t - a scroll of fog {unknown}
Potions
 k - 3 potions of curing
 m - 3 potions of lignification
 o - a potion of invisibility
 p - 2 potions of flight
Comestibles
 c - 10 rations


   Skills:
 - Level 1.0 Fighting
 + Level 4.1 Throwing
 - Level 2.0 Dodging
 + Level 5.2 Unarmed Combat
 - Level 4.0 Spellcasting
 - Level 6.0 Transmutations


You had 4 spell levels left.
You knew the following spells:

 Your Spells              Type           Power        Failure   Level  Hunger
a - Beastly Appendage     Tmut           ###...       6%          1    None
b - Sticks to Snakes      Tmut           ###.....     8%          2    ##.....
c - Spider Form           Tmut/Pois      ##........   32%         3    ###....
d - Blade Hands           Tmut           ###.......   58%         5    ######.

Your spell library contained the following spells:

 Spells                   Type           Power        Failure   Level  Hunger
 Ice Form                 Ice/Tmut       ##......     63%         4    ####...


Dungeon Overview and Level Annotations

Branches:
Dungeon (5/15)
 Temple: D:4-7

Altars:
Dithmenos
Qazlal
Ru
Vehumet
Wu Jian

Annotations:
D:3 Blork the orc
D:4 exclusion: statue


Innate Abilities, Weirdness & Mutations

You cannot wear most types of armour.
You are very stealthy in the water. (Stealth+)
((You are amphibious.))
You can wear up to eight rings at the same time.
((You can use your tentacles to constrict eight enemies at once.))
((Your skin changes colour to match your surroundings (Stealth+).))
((Your rubbery body absorbs attacks. (AC +1, EV +1)))


Message History

The orc misses you.
You barely miss the orc priest.
The orc priest is lightly wounded.
The orc priest barely misses you.
The orc priest hits you but does no damage.
You hit the orc priest but do no damage.
The orc priest is moderately wounded.
Your transformation is almost over.
The orc misses you. The orc priest completely misses you.
The orc priest invokes the aid of Beogh against you.
Beogh smites you!
* * * LOW HITPOINT WARNING * * *
You hit the orc priest.
The orc priest looks as sick as possible!
The orc priest is heavily wounded.
You kill the orc priest!
The orc closely misses you.
The orc priest mumbles some strange prayers to Beogh against you.
Beogh smites you!
You die...

##### ....# # .≈..# .# ....##
###+##.# §....# #......#
≈....## ##########......##
......# #........#........
......# #........#........
.≈§...######...os............
§...............o)........>##
≈.....######........######.#
....................# #
...................###########
...#..........................
...................#...#...#..
#####.######..................
# #.# #########..#...#...#..


You could see an orc priest and an orc.

Vanquished Creatures
  Sigmund (D:5)
  Edmund (D:4)
  A phantom (D:5)
  A crimson imp (D:5)
  A bullfrog skeleton (D:5)
  5 orc priests
  2 orc wizards
  Ijyb (D:3)
  3 iguanas (D:5)
  3 worker ants
  3 gnolls (D:4)
  7 adders
  An adder skeleton (D:5)
  4 worms
  2 dart slugs
  A leopard gecko (D:3)
  22 orcs
  2 ball pythons
  5 bats
  2 giant cockroaches (D:3)
  5 goblins
  10 hobgoblins
  2 jackals (D:3)
  4 kobolds
  3 quokkas
  2 frilled lizards
  2 rats
96 creatures vanquished.

Vanquished Creatures (collateral kills)
  2 jackals (D:3)
  A kobold (D:3)
  A rat (D:3)
4 creatures vanquished.

Grand Total: 100 creatures vanquished

Notes
Turn   | Place    | Note
-------+----------+-------------------------------------------
     0 | D:1      | MisterFreud the Octopode Transmuter began the quest for the
                  | Orb.
     0 | D:1      | Reached XP level 1. HP: 13/13 MP: 3/3
   215 | D:1      | Reached XP level 2. HP: 18/18 MP: 3/5
   221 | D:1      | Learned a level 2 spell: Sticks to Snakes
   610 | D:2      | Noticed an ice beast
   761 | D:2      | Reached XP level 3. HP: 15/23 MP: 4/6
   795 | D:2      | Reached skill level 3 in Transmutations
  1293 | D:3      | Reached XP level 4. HP: 8/28 MP: 4/8
  2156 | D:3      | Reached XP level 5. HP: 4/33 MP: 7/10
  2446 | D:3      | Learned a level 3 spell: Spider Form
  2448 | D:3      | Found a shadowy altar of Dithmenos.
  2503 | D:3      | Found an ornate altar of the Wu Jian Council.
  2617 | D:3      | Noticed Blork the orc
  2663 | D:3      | Found a sacrificial altar of Ru.
  2673 | D:3      | Noticed Ijyb
  2679 | D:3      | Reached skill level 4 in Transmutations
  2687 | D:3      | Killed Ijyb
  2877 | D:4      | Reached XP level 6. HP: 30/38 MP: 9/12
  2917 | D:4      | Reached skill level 5 in Transmutations
  3093 | D:4      | Found a radiant altar of Vehumet.
  3149 | D:4      | Noticed Edmund
  3161 | D:4      | Killed Edmund
  3161 | D:4      | Reached skill level 6 in Transmutations
  3264 | D:4      | Reached XP level 7. HP: 36/43 MP: 8/13
  3326 | D:4      | Reached skill level 1 in Throwing
  3596 | D:5      | Entered Level 5 of the Dungeon
  3827 | D:5      | Noticed Sigmund
  3836 | D:5      | Killed Sigmund
  3882 | D:5      | Found a stormy altar of Qazlal.
  4383 | D:5      | Learned a level 5 spell: Blade Hands
  4527 | D:5      | Reached skill level 5 in Unarmed Combat
  4527 | D:5      | Reached XP level 8. HP: 31/48 MP: 8/14
  4666 | D:5      | Killed from afar by an orc priest

Levels and vault maps discovered:
D:1:      lightli_molten_gateway, layout_rooms
D:2:      minmay_spotlight, layout_loops_ring, first_ration
D:3:      layout_rooms, marbit_many_paths, nicolae_overflow_crystal_walls,
          tgw_sif, nicolae_ru_great_annihilating_truth, uniq_ijyb
D:4:      layout_loops_ring, vehumet_statue, uniq_edmund
D:5:      minmay_octagon_keep, layout_basic, lemuel_coloured_pillars_altar,
          kennysheep_mini, nicolae_qazlal_general_emergency, uniq_sigmund

Skill      XL: |  1  2  3  4  5  6  7  8 |
---------------+-------------------------+-----
Transmutations | 3 4 6 |  6.0
Spellcasting   | 3 4 |  4.0
Throwing       | 3 4 |  4.1
Unarmed Combat | 5 |  5.2
Fighting       | |  1.0
Dodging        | |  2.0

Action                   |  1- 3 |  4- 6 |  7- 9 || total
-------------------------+-------+-------+-------++-------
Melee: Unarmed           |    86 |   147 |    88 ||   321
       Constrict         |    23 |    21 |     3 ||    47
       Kick              |    14 |    13 |       ||    27
       Tentacles         |     8 |    25 |     7 ||    40
       Punch             |     2 |     1 |     1 ||     4
 Cast: Beastly Appendage |    13 |     7 |       ||    20
       Sticks to Snakes  |     1 |     2 |       ||     3
       Spider Form       |       |     5 |    10 ||    15
       Blade Hands       |       |       |     1 ||     1
  Use: Scroll            |       |       |    11 ||    11
       Potion            |       |       |     1 ||     1
 Stab: Sleeping          |     3 |     6 |     1 ||    10
       Paralysed         |       |     2 |       ||     2
  Eat: Chunk             |     1 |     7 |     6 ||    14
Armor: Skin              |     5 |    28 |    17 ||    50
Dodge: Dodged            |    49 |    76 |    65 ||   190
Block: Other             |     8 |    11 |     2 ||    21
       Reflection        |     1 |       |       ||     1

Table legend:
 A = Non-vault XP
 B = Vault XP
 C = Vault XP percentage of total XP
 D = Non-vault monster count
 E = Vault monster count
 F = Vault count percentage of total count
                 A         B        C        D         E       F
            +---------+---------+-------+---------+---------+-------
      Total |     789 |     643 |  44.9 |      78 |      22 |  22.0
            +---------+---------+-------+---------+---------+-------
        D:1 |      13 |       0 |   0.0 |       8 |       0 |   0.0
        D:2 |      41 |      31 |  43.1 |      16 |       7 |  30.4
        D:3 |     110 |      85 |  43.6 |      22 |       6 |  21.4
        D:4 |     212 |     166 |  43.9 |      21 |       1 |   4.5
        D:5 |     413 |     361 |  46.6 |      11 |       8 |  42.1
            +---------+---------+-------+---------+---------+-------
